2200 views
Uploaded 2022-04-26 00:31:49
Game version 1.32 / 1.32.1
40:27 long 2on2 ladder game on (4)LostTemple_LV
Saved by Cabeelibob
2200 views
Uploaded 2022-04-26 00:31:49
Game version 1.32 / 1.32.1
40:27 long 2on2 ladder game on (4)LostTemple_LV


114 units @ 17k
/ 2.3k
86 buildings @ 15k
/ 5.9k


| Healing Salve | 2 | 200 |
| Scroll of Town Portal | 1 | 350 |
| Boots of Speed | 1 | 250 |
| total: | 4 | 800g |
| Peon | 22 | 1650 | / | 0 |
| Grunt | 7 | 1400 | / | 0 |
| Kodo Beast | 2 | 510 | / | 120 |
| Raider | 3 | 540 | / | 120 |
| Demolisher | 3 | 660 | / | 150 |
| Troll Headhunter | 13 | 1820 | / | 260 |
| Goblin Shredder | 2 | 750 | / | 200 |
| Goblin Zeppelin | 3 | 720 | / | 180 |
| Goblin Sapper | 1 | 215 | / | 100 |
| total: | 56 | 8265g | / | 1130w |
| Watch Tower | 27 | 2970 | / | 2160 |
| Altar of Storms | 2 | 360 | / | 100 |
| Orc Burrow | 10 | 1600 | / | 400 |
| Barracks | 2 | 360 | / | 100 |
| War Mill | 5 | 1025 | / | 0 |
| Voodoo Lounge | 2 | 260 | / | 60 |
| Great Hall | 9 | 3465 | / | 1665 |
| Beastiary | 1 | 145 | / | 140 |
| Spirit Lodge | 1 | 150 | / | 150 |
| Stronghold | 4 | 1260 | / | 760 |
| Fortress | 1 | 325 | / | 190 |
| Necropolis | 2 | 450 | / | 0 |
| Ziggurat | 1 | 150 | / | 50 |
| total: | 62 | 10935g | / | 4825w |
| 0:08 | Altar of Storms |
| 0:10 | Peon |
| 0:10 | Peon |
| 0:26 | Orc Burrow |
| 0:36 | Peon |
| 0:45 | Barracks |
| 0:53 | Peon |
| 1:02 | Peon |
| 1:25 | War Mill |
| 1:38 | Peon |
| 1:50 | Peon |
| 1:54 | Grunt |
| 2:10 | Voodoo Lounge |
| 2:33 | Feral Spirit |
| 2:50 | Stronghold |
| 3:21 | Orc Burrow |
| 3:27 | Orc Burrow |
| 3:50 | Steel Melee Weapons |
| 4:13 | Grunt |
| 4:17 | Watch Tower |
| 4:26 | Chain Lighting |
| 4:34 | Grunt |
| 5:12 | Grunt |
| 5:15 | Peon |
| 5:23 | Watch Tower |
| 6:21 | Grunt |
| 6:22 | Berserker Strength |
| 6:40 | Healing Wave |
| 6:42 | Healing Salve |
| 6:42 | Healing Salve |
| 6:44 | Scroll of Town Portal |
| 7:02 | Beastiary |
| 7:55 | Boots of Speed |
| 8:04 | Feral Spirit |
| 8:10 | Grunt |
| 8:26 | Orc Burrow |
| 8:33 | Steel Armor |
| 8:55 | Hex |
| 9:01 | Thorium Melee Weapons |
| 9:08 | Pillage |
| 9:21 | Kodo Beast |
| 9:25 | Orc Burrow |
| 9:33 | Watch Tower |
| 9:54 | Fortress |
| 10:21 | Raider |
| 10:21 | Ensnare |
| 11:48 | Watch Tower |
| 11:51 | Grunt |
| 11:52 | Demolisher |
| 11:54 | Raider |
| 11:56 | Thorium Armor |
| 12:53 | Great Hall |
| 13:22 | Great Hall |
| 13:49 | Orc Burrow |
| 15:11 | Demolisher |
| 15:37 | Demolisher |
| 15:40 | Kodo Beast |
| 15:41 | Raider |
| 15:56 | Peon |
| 15:56 | Peon |
| 15:56 | Peon |
| 16:01 | Spirit Lodge |
| 16:03 | Peon |
| 16:25 | Healing Wave |
| 16:27 | Arcanite Armor |
| 16:28 | Reinforced Defenses |
| 17:10 | Troll Headhunter |
| 17:10 | Troll Headhunter |
| 17:44 | Great Hall |
| 18:20 | Watch Tower |
| 18:59 | Peon |
| 19:01 | Stronghold |
| 19:47 | Steel Ranged Weapons |
| 19:48 | Spiked Barricades |
| 19:50 | Troll Headhunter |
| 19:50 | Troll Headhunter |
| 20:43 | Goblin Shredder |
| 20:49 | Stronghold |
| 21:52 | Chain Lighting |
| 22:16 | Great Hall |
| 22:22 | Orc Burrow |
| 22:59 | War Mill |
| 23:05 | Goblin Zeppelin |
| 23:22 | Great Hall |
| 23:26 | Orc Burrow |
| 24:08 | War Mill |
| 24:35 | Watch Tower |
| 24:36 | Watch Tower |
| 24:37 | Watch Tower |
| 24:38 | Watch Tower |
| 24:39 | Watch Tower |
| 24:41 | Watch Tower |
| 25:32 | Goblin Sapper |
| 25:51 | Peon |
| 25:52 | Peon |
| 25:52 | Peon |
| 26:13 | Goblin Zeppelin |
| 26:32 | Peon |
| 28:36 | Serpent Ward |
| 29:13 | Great Hall |
| 29:24 | Orc Burrow |
| 29:46 | War Mill |
| 30:01 | Great Hall |
| 30:25 | Improved Spiked Barricades |
| 31:12 | Orc Burrow |
| 31:42 | War Mill |
| 31:57 | Watch Tower |
| 32:07 | Altar of Storms |
| 32:11 | Stronghold |
| 32:16 | Great Hall |
| 32:21 | Watch Tower |
| 32:22 | Watch Tower |
| 32:23 | Watch Tower |
| 32:42 | Barracks |
| 32:48 | Watch Tower |
| 32:53 | Watch Tower |
| 33:03 | Voodoo Lounge |
| 33:11 | Watch Tower |
| 33:16 | Peon |
| 33:17 | Peon |
| 33:17 | Peon |
| 33:18 | Peon |
| 33:39 | Watch Tower |
| 33:40 | Watch Tower |
| 33:41 | Watch Tower |
| 33:42 | Watch Tower |
| 34:42 | Goblin Shredder |
| 34:49 | Peon |
| 35:17 | Goblin Zeppelin |
| 36:03 | Troll Regeneration |
| 36:42 | Watch Tower |
| 36:43 | Troll Headhunter |
| 36:43 | Troll Headhunter |
| 36:43 | Troll Headhunter |
| 36:43 | Troll Headhunter |
| 36:44 | Troll Headhunter |
| 36:44 | Troll Headhunter |
| 36:44 | Troll Headhunter |
| 36:44 | Troll Headhunter |
| 36:55 | Thorium Ranged Weapons |
| 37:04 | Troll Headhunter |
| 37:09 | Watch Tower |
| 37:12 | Watch Tower |
| 37:37 | Watch Tower |
| 38:09 | Necropolis |
| 38:17 | Ziggurat |
| 38:33 | Watch Tower |
| 38:55 | Great Hall |
| 39:01 | Necropolis |
| Right click | 1160 |
| Select | 444 |
| Select group | 175 |
| Build/train/purchase | 106 |
| Use ability | 58 |
| Assign group | 28 |
| Remove unit | 3 |


| Rod of Necromancy | 1 | 150 |
| Orb of Corruption | 1 | 375 |
| total: | 2 | 525g |
| Acolyte | 13 | 975 | / | 0 |
| Ghoul | 18 | 2160 | / | 0 |
| Obsidian Statue | 4 | 800 | / | 140 |
| Abomination | 2 | 480 | / | 140 |
| Gargoyle | 7 | 1225 | / | 210 |
| Crypt Fiend | 11 | 2365 | / | 440 |
| Goblin Zeppelin | 2 | 480 | / | 120 |
| Goblin Sapper | 1 | 215 | / | 100 |
| total: | 58 | 8700g | / | 1150w |
| Spirit Tower | 7 | 1015 | / | 280 |
| Altar of Darkness | 1 | 180 | / | 50 |
| Ziggurat | 14 | 2100 | / | 700 |
| Crypt | 3 | 600 | / | 150 |
| Tomb of Relics | 1 | 130 | / | 30 |
| Graveyard | 1 | 215 | / | 0 |
| Necropolis | 3 | 675 | / | 0 |
| Slaughterhouse | 1 | 140 | / | 135 |
| Halls of the Dead | 2 | 640 | / | 420 |
| Black Citadel | 2 | 650 | / | 460 |
| total: | 24 | 4040g | / | 1065w |
| 0:04 | Acolyte |
| 0:11 | Altar of Darkness |
| 0:12 | Ziggurat |
| 0:16 | Acolyte |
| 0:34 | Crypt |
| 0:59 | Tomb of Relics |
| 1:12 | Ziggurat |
| 1:35 | Ghoul |
| 1:36 | Ghoul |
| 1:56 | Ghoul |
| 2:08 | Ziggurat |
| 2:13 | Vampiric Aura |
| 2:14 | Rod of Necromancy |
| 2:28 | Ghoul |
| 2:45 | Ghoul |
| 3:08 | Graveyard |
| 3:18 | Ghoul |
| 3:24 | Ghoul |
| 3:31 | Carrion Swarm |
| 3:46 | Ghoul |
| 4:13 | Halls of the Dead |
| 4:14 | Ghoul |
| 4:33 | Ghoul |
| 4:46 | Ziggurat |
| 5:04 | Ghoul |
| 5:04 | Ghoul |
| 5:26 | Unholy Strength |
| 5:27 | Unholy Armor |
| 5:50 | Ghoul |
| 6:12 | Vampiric Aura |
| 6:26 | Ghoul |
| 6:27 | Ghoul |
| 6:57 | Slaughterhouse |
| 7:22 | Black Citadel |
| 7:39 | Death Coil |
| 7:44 | Improved Unholy Strength |
| 7:50 | Carrion Swarm |
| 8:19 | Improved Unholy Armor |
| 8:22 | Ziggurat |
| 8:27 | Obsidian Statue |
| 9:39 | Obsidian Statue |
| 9:44 | Acolyte |
| 9:44 | Acolyte |
| 10:04 | Ghoul |
| 10:05 | Ghoul |
| 10:09 | Unholy Aura |
| 10:28 | Ghoul |
| 10:30 | Disease Cloud |
| 10:31 | Abomination |
| 10:37 | Necropolis |
| 10:52 | Destroyer Form |
| 10:57 | Advanced Unholy Strength |
| 11:00 | Ghoul Frenzy |
| 11:49 | Crypt |
| 12:00 | Acolyte |
| 12:00 | Acolyte |
| 12:19 | Gargoyle |
| 12:19 | Gargoyle |
| 12:32 | Ziggurat |
| 12:36 | Ziggurat |
| 12:39 | Acolyte |
| 13:24 | Goblin Zeppelin |
| 13:56 | Gargoyle |
| 14:11 | Acolyte |
| 14:12 | Acolyte |
| 14:36 | Advanced Unholy Armor |
| 14:36 | Creature Attack |
| 15:07 | Gargoyle |
| 15:26 | Death Coil |
| 15:44 | Gargoyle |
| 15:54 | Obsidian Statue |
| 15:54 | Obsidian Statue |
| 16:00 | Exhume Corpses |
| 16:16 | Spirit Tower |
| 16:19 | Acolyte |
| 16:20 | Acolyte |
| 16:20 | Acolyte |
| 16:46 | Vampiric Aura |
| 16:50 | Abomination |
| 17:21 | Orb of Corruption |
| 17:37 | Gargoyle |
| 17:52 | Spirit Tower |
| 18:18 | Gargoyle |
| 18:54 | Necropolis |
| 19:19 | Creature Carapace |
| 19:58 | Crypt Fiend |
| 20:29 | Crypt Fiend |
| 20:55 | Ziggurat |
| 20:57 | Ziggurat |
| 21:07 | Crypt Fiend |
| 21:10 | Halls of the Dead |
| 21:12 | Spirit Tower |
| 21:35 | Unholy Aura |
| 21:57 | Spirit Tower |
| 22:01 | Crypt Fiend |
| 22:02 | Crypt Fiend |
| 22:23 | Goblin Sapper |
| 22:32 | Goblin Zeppelin |
| 22:40 | Crypt Fiend |
| 23:07 | Crypt Fiend |
| 23:40 | Burrow |
| 23:40 | Web |
| 24:14 | Necropolis |
| 27:28 | Acolyte |
| 27:53 | Crypt |
| 28:41 | Crypt Fiend |
| 28:59 | Cannibalize |
| 29:00 | Crypt Fiend |
| 29:26 | Crypt Fiend |
| 30:15 | Ziggurat |
| 30:17 | Ziggurat |
| 30:26 | Black Citadel |
| 30:39 | Ziggurat |
| 30:42 | Ziggurat |
| 31:02 | Ziggurat |
| 31:43 | Crypt Fiend |
| 31:47 | Spirit Tower |
| Right click | 931 |
| Select | 512 |
| Select group | 198 |
| Chat | 137 |
| Build/train/purchase | 119 |
| Misc. action | 88 |
| Use ability | 43 |
| Assign group | 13 |
| Minimap ping | 3 |
| Item give/drop | 1 |
| Remove unit | 1 |
/ 1k
105 buildings @ 6.7k
/ 3.2k
Cabeelibob
(194)
(40:26) : 

| Peasant | 14 | 1050 | / | 0 |
| total: | 14 | 1050g | / | 0w |
| Scout Tower | 27 | 810 | / | 540 |
| Guard Tower | 14 | 980 | / | 700 |
| Altar of Kings | 2 | 360 | / | 100 |
| Farm | 8 | 640 | / | 160 |
| Lumber Mill | 2 | 240 | / | 0 |
| Town Hall | 1 | 385 | / | 205 |
| Keep | 1 | 320 | / | 210 |
| Castle | 1 | 360 | / | 210 |
| total: | 40 | 2435g | / | 1005w |
| 0:05 | Altar of Kings |
| 0:07 | Farm |
| 0:11 | Lumber Mill |
| 0:13 | Peasant |
| 0:17 | Peasant |
| 0:43 | Peasant |
| 0:53 | Farm |
| 1:04 | Peasant |
| 1:13 | Farm |
| 1:20 | Peasant |
| 1:23 | Peasant |
| 1:36 | Improved Masonry |
| 1:45 | Scout Tower |
| 1:52 | Peasant |
| 2:03 | Scout Tower |
| 2:09 | Peasant |
| 2:10 | Peasant |
| 2:19 | Guard Tower |
| 2:25 | Storm Bolt |
| 2:34 | Scout Tower |
| 2:38 | Guard Tower |
| 2:39 | Peasant |
| 2:39 | Peasant |
| 3:21 | Scout Tower |
| 3:22 | Scout Tower |
| 3:24 | Scout Tower |
| 3:25 | Scout Tower |
| 3:26 | Scout Tower |
| 3:31 | Guard Tower |
| 3:33 | Peasant |
| 3:34 | Peasant |
| 3:34 | Peasant |
| 3:54 | Guard Tower |
| 3:55 | Guard Tower |
| 4:05 | Scout Tower |
| 4:08 | Scout Tower |
| 4:11 | Scout Tower |
| 4:42 | Lumber Mill |
| 4:50 | Keep |
| 5:09 | Guard Tower |
| 5:31 | Scout Tower |
| 5:32 | Scout Tower |
| 5:33 | Scout Tower |
| 5:38 | Guard Tower |
| 6:21 | Scout Tower |
| 6:22 | Scout Tower |
| 6:23 | Scout Tower |
| 6:24 | Scout Tower |
| 6:30 | Scout Tower |
| 6:43 | Guard Tower |
| 6:46 | Scout Tower |
| 6:47 | Scout Tower |
| 6:57 | Scout Tower |
| 7:06 | Guard Tower |
| 7:09 | Scout Tower |
| 7:10 | Scout Tower |
| 7:10 | Scout Tower |
| 7:28 | Altar of Kings |
| 8:10 | Castle |
| 8:19 | Guard Tower |
| 8:27 | Scout Tower |
| 8:28 | Scout Tower |
| 8:37 | Holy Light |
| 8:41 | Advanced Masonry |
| 8:45 | Imbued Masonry |
| 8:54 | Guard Tower |
| 8:59 | Guard Tower |
| 9:16 | Improved Lumber Harvesting |
| 9:34 | Guard Tower |
| 9:49 | Guard Tower |
| 12:03 | Advanced Lumber Harvesting |
| 27:44 | Town Hall |
| 33:39 | Farm |
| 33:40 | Farm |
| 33:40 | Farm |
| 33:41 | Farm |
| 33:42 | Farm |
| Right click | 1154 |
| Select group | 819 |
| Select | 276 |
| Build/train/purchase | 45 |
| Misc. action | 25 |
| Resource trade | 21 |
| Assign group | 19 |
| Chat | 15 |
| Use ability | 14 |
| Minimap ping | 7 |
| Remove unit | 2 |
| Esc | 2 |


| Peasant | 24 | 1800 | / | 0 |
| Mortar Team | 3 | 540 | / | 210 |
| Flying Machine | 27 | 2700 | / | 810 |
| total: | 54 | 5040g | / | 1020w |
| Scout Tower | 37 | 1110 | / | 740 |
| Guard Tower | 12 | 840 | / | 600 |
| Altar of Kings | 1 | 180 | / | 50 |
| Farm | 17 | 1360 | / | 340 |
| Lumber Mill | 1 | 120 | / | 0 |
| Town Hall | 1 | 385 | / | 205 |
| Blacksmith | 1 | 140 | / | 60 |
| Arcane Vault | 2 | 260 | / | 60 |
| Workshop | 3 | 420 | / | 420 |
| Gryphon Aviary | 2 | 280 | / | 300 |
| Keep | 2 | 640 | / | 420 |
| Castle | 1 | 360 | / | 210 |
| total: | 65 | 4255g | / | 2175w |
| 0:03 | Peasant |
| 0:03 | Peasant |
| 0:07 | Altar of Kings |
| 0:10 | Peasant |
| 0:19 | Farm |
| 0:20 | Peasant |
| 0:23 | Peasant |
| 0:34 | Peasant |
| 0:41 | Farm |
| 1:03 | Peasant |
| 1:12 | Peasant |
| 1:13 | Farm |
| 1:23 | Peasant |
| 1:38 | Peasant |
| 1:46 | Lumber Mill |
| 2:07 | Storm Bolt |
| 2:08 | Peasant |
| 2:21 | Peasant |
| 3:05 | Town Hall |
| 3:10 | Scout Tower |
| 3:11 | Scout Tower |
| 3:16 | Peasant |
| 3:16 | Peasant |
| 3:22 | Peasant |
| 3:35 | Peasant |
| 4:07 | Guard Tower |
| 4:09 | Scout Tower |
| 4:10 | Scout Tower |
| 4:33 | Keep |
| 4:48 | Bash |
| 4:55 | Scout Tower |
| 4:56 | Scout Tower |
| 4:58 | Guard Tower |
| 5:13 | Peasant |
| 5:14 | Peasant |
| 5:14 | Peasant |
| 5:22 | Scout Tower |
| 5:23 | Scout Tower |
| 5:25 | Scout Tower |
| 5:26 | Scout Tower |
| 5:27 | Scout Tower |
| 5:28 | Scout Tower |
| 5:29 | Scout Tower |
| 5:35 | Peasant |
| 5:46 | Guard Tower |
| 5:56 | Peasant |
| 6:04 | Guard Tower |
| 6:24 | Guard Tower |
| 6:28 | Farm |
| 6:37 | Blacksmith |
| 6:56 | Scout Tower |
| 6:57 | Scout Tower |
| 6:59 | Scout Tower |
| 7:00 | Scout Tower |
| 7:16 | Castle |
| 7:28 | Improved Lumber Harvesting |
| 7:29 | Improved Masonry |
| 7:38 | Guard Tower |
| 7:44 | Scout Tower |
| 7:45 | Scout Tower |
| 7:56 | Guard Tower |
| 8:20 | Black Gunpowder |
| 8:21 | Iron Plating |
| 8:28 | Guard Tower |
| 8:34 | Scout Tower |
| 8:35 | Scout Tower |
| 8:37 | Scout Tower |
| 9:08 | Holy Light |
| 9:22 | Workshop |
| 9:24 | Workshop |
| 9:25 | Workshop |
| 9:52 | Refined Gunpowder |
| 9:56 | Advanced Lumber Harvesting |
| 9:56 | Advanced Masonry |
| 10:33 | Flak Cannons |
| 10:33 | Flying Machine Bombs |
| 10:34 | Fragmentation Shards |
| 10:34 | Flare |
| 11:25 | Guard Tower |
| 11:33 | Mortar Team |
| 11:38 | Imbued Gunpowder |
| 11:45 | Scout Tower |
| 11:46 | Scout Tower |
| 11:46 | Scout Tower |
| 11:48 | Scout Tower |
| 11:50 | Scout Tower |
| 11:50 | Scout Tower |
| 12:08 | Farm |
| 12:09 | Farm |
| 12:09 | Farm |
| 12:10 | Farm |
| 12:10 | Farm |
| 12:12 | Farm |
| 12:13 | Farm |
| 12:13 | Farm |
| 12:19 | Farm |
| 12:20 | Farm |
| 12:26 | Farm |
| 12:26 | Farm |
| 12:32 | Imbued Masonry |
| 13:14 | Flying Machine |
| 13:14 | Flying Machine |
| 13:14 | Flying Machine |
| 13:15 | Flying Machine |
| 13:15 | Flying Machine |
| 13:15 | Flying Machine |
| 13:15 | Flying Machine |
| 13:15 | Flying Machine |
| 14:20 | Flying Machine |
| 14:20 | Flying Machine |
| 14:21 | Flying Machine |
| 14:21 | Flying Machine |
| 14:21 | Flying Machine |
| 14:21 | Flying Machine |
| 14:27 | Steel Plating |
| 14:30 | Guard Tower |
| 14:34 | Scout Tower |
| 14:35 | Scout Tower |
| 14:37 | Scout Tower |
| 14:38 | Scout Tower |
| 14:40 | Scout Tower |
| 14:41 | Scout Tower |
| 14:42 | Scout Tower |
| 14:43 | Scout Tower |
| 14:44 | Scout Tower |
| 15:17 | Flying Machine |
| 15:17 | Flying Machine |
| 15:17 | Flying Machine |
| 15:18 | Flying Machine |
| 15:49 | Flying Machine |
| 15:52 | Guard Tower |
| 15:55 | Guard Tower |
| 19:05 | Farm |
| 19:45 | Bash |
| 19:52 | Flying Machine |
| 19:52 | Flying Machine |
| 19:52 | Flying Machine |
| 19:53 | Flying Machine |
| 20:36 | Flying Machine |
| 20:37 | Flying Machine |
| 20:37 | Flying Machine |
| 20:38 | Flying Machine |
| 22:20 | Gryphon Aviary |
| 24:00 | Storm Bolt |
| 24:02 | Divine Shield |
| 24:03 | Divine Shield |
| 24:54 | Arcane Vault |
| 27:03 | Mortar Team |
| 27:18 | Holy Light |
| 29:36 | Peasant |
| 29:36 | Peasant |
| 29:36 | Peasant |
| 30:23 | Gryphon Aviary |
| 30:33 | Arcane Vault |
| 30:53 | Mortar Team |
| 31:23 | Holy Light |
| 32:03 | Storm Bolt |
| 32:04 | Bash |
| 32:06 | Bash |
| 35:34 | Divine Shield |
| 38:04 | Storm Bolt |
| Right click | 1369 |
| Select group | 732 |
| Select | 396 |
| Build/train/purchase | 109 |
| Use ability | 95 |
| Misc. action | 31 |
| Minimap ping | 15 |
| Resource trade | 15 |
| Assign group | 13 |
| Esc | 1 |